 Dungeon Crawl Stone Soup version 0.26.1-2-gb8aa6d0cf2 (webtiles) character file.

Game seed: 1811428602080248527

1215 DearestLeader the Spear-Bearer (level 8, 0/56 HPs)
             Began as a Merfolk Ice Elementalist on Mar 4, 2021.
             Was a Priest of Vehumet.
             Slain by Grinder (7 damage)
             ... on level 6 of the Dungeon.
             The game lasted 00:14:35 (7694 turns).

DearestLeader the Spear-Bearer (MfIE)               Turns: 7694, Time: 00:14:35

Health: 0/56       AC: 11    Str:  6 (9)  XL:     8   Next: 46%
Magic:  11/11      EV: 12    Int: 15 (16) God:    Vehumet [***...]
Gold:   312        SH:  0    Dex: 12 (14) Spells: 4/11 levels left

rFire    . . .     SeeInvis +   A - +4 quarterstaff (chaos)
rCold    + . .     Faith    .   (shield currently unavailable)
rNeg     . . .     Spirit   .   y - +2 leather armour {rF+}
rPois    .         Reflect  .   f - +2 helmet {SInv}
rElec    .         Harm     .   B - +0 cloak
rCorr    .         Rampage  .   z - +0 pair of gloves
Will     .....                  c - +0 pair of boots
Stlth    ++........             (no amulet)
HPRegen  0.18/turn              g - ring of ice
MPRegen  0.12/turn              (no ring)

@: brilliant, berserk cooldown, hasted and slowed
A: change form in water, swift swim, stealthy swim
a: Renounce Religion


You were on level 6 of the Dungeon.
You worshipped Vehumet.
Vehumet was most pleased with you.
You visited 1 branch of the dungeon, and saw 6 of its levels.
You also visited: Sewer.

You collected 567 gold pieces.
You spent 255 gold pieces at shops.

Inventory:

Hand Weapons
 A - a +4 quarterstaff of chaos (weapon)
 C - a +0 trident
Armour
 c - a +0 pair of boots (worn)
 f - a +2 helmet of see invisible (worn)
 h - a +0 robe of willpower
 n - the +0 helmet of Lies {rC+}
   (You took it off Robin on level 2 of the Dungeon)

   It protects you from cold.
 y - a +2 leather armour of fire resistance (worn)
 z - a +0 pair of gloves (worn)
 B - a +0 cloak (worn)
Jewellery
 g - a ring of ice (left hand)
Wands
 m - a wand of random effects (10)
Scrolls
 i - 3 scrolls of teleportation
 j - 2 scrolls of fog
 k - 4 scrolls of remove curse
 p - a scroll of noise {unknown}
 r - 2 scrolls of enchant weapon {unknown}
 u - 2 scrolls of blinking {unknown}
 w - a scroll of enchant armour {unknown}
 x - 2 scrolls of identify
Potions
 a - 8 potions of flight
 b - a potion of invisibility
 d - 3 potions of degeneration
 e - a potion of berserk rage
 l - a potion of lignification {unknown}
 o - 2 potions of cancellation {unknown}
 q - a potion of attraction {unknown}
 s - 2 potions of brilliance
 t - 2 potions of haste
 v - a potion of heal wounds {unknown}


   Skills:
 - Level 2.0 Fighting
 * Level 11.8 Polearms
 - Level 3.1 Dodging
 - Level 2.1 Stealth
 - Level 2.0 Spellcasting
 - Level 6.3 Ice Magic


You had 4 spell levels left.
You knew the following spells:

 Your Spells              Type           Power        Failure   Level
a - Freeze                Ice            100%         1%          1
b - Frozen Ramparts       Ice            92%          2%          3
c - Ozocubu's Armour      Ice            46%          8%          3

Your spell library contained the following spells:

 Spells                   Type           Power        Failure   Level
 Dazzling Flash           Conj/Hex       4%           26%         3
 Foxfire                  Conj/Fire      8%           10%         1
 Hailstorm                Conj/Ice       24%          24%         4
 Conjure Flame            Conj/Fire      2%           26%         3
 Inner Flame              Hex/Fire       2%           26%         3
 Sticky Flame             Conj/Fire      2%           61%         4
 Summon Ice Beast         Ice/Summ       24%          67%         4
 Fireball                 Conj/Fire      1%           90%         5


Dungeon Overview and Level Annotations

Branches:
Dungeon (6/15)             Temple (0/1) D:4           Sewer (visited)

Altars:
Nemelex Xobeh
Vehumet
The Shining One

Shops:
D:5 [   D:6 [

Annotations:
D:6 Grinder


Message History

You are too berserk!
Unknown command.
You feel a strong urge to attack something.
You feel your anger nearly subside.
You are no longer berserk.
You are exhausted.
You feel yourself slow down.
The helpless Grinder fails to defend herself.
You sock Grinder!
Grinder's magic leaks into the air.
Grinder is severely wounded.
The helpless Grinder fails to defend herself.
You sock Grinder!
Grinder suddenly seems more agile.
Grinder is almost dead.
Grinder looks more healthy.
The helpless Grinder fails to defend herself.
You sock Grinder! You burn Grinder.
Grinder is almost dead.
Grinder is no longer petrified.
Grinder barely misses you.
Grinder blinks!
Grinder hits you!
You die...

##........######...#.#.
#..........##....###...
#.............#### ##..
##...........### #..
#............# #..
#....$.......# ##.
#............# #.
#...........## #.
#......@....# #.
#......5...## ..
#.........## #..
##.....#### #.. ##...#
#### # #


You could see Grinder (fast, agile).

Vanquished Creatures
  Eustachio (D:6)
  A sky beast (D:6)
  An ogre (D:4)
  A centaur (D:3)
  A bullfrog (D:6)
  A howler monkey (D:4)
  2 bullfrog zombies
  A quasit (D:6)
  Crazy Yiuf (D:5)
  2 orc wizards
  3 iguanas
  4 worker ants
  A hound zombie (D:5)
  A hound skeleton (D:4)
  Robin (D:2)
  11 adders
  A white imp (D:5)
  3 ufetubi (D:5)
  8 oozes
  2 adder skeletons
  An adder zombie (D:5)
  7 worms
  3 dart slugs
  5 leopard geckos
  13 orcs
  3 ball pythons
  6 giant cockroaches
  5 hobgoblins
  13 jackals
  6 kobolds
  3 quokkas
  15 bats
  8 frilled lizards
  8 goblins
  2 goblin skeletons (D:6)
  2 goblin zombies (D:6)
  A hobgoblin zombie (D:6)
  A kobold skeleton (D:6)
  A kobold zombie (D:6)
  A leopard gecko skeleton (D:4)
  An orc skeleton (D:6)
  2 orc zombies (D:6)
  5 rats
159 creatures vanquished.

Vanquished Creatures (others)
  5 goblins (D:2)
  4 hobgoblins (D:2)
9 creatures vanquished.

Grand Total: 168 creatures vanquished

Notes
Turn   | Place    | Note
-------+----------+-------------------------------------------
     0 | D:1      | DearestLeader the Merfolk Ice Elementalist began the quest
                  | for the Orb.
     0 | D:1      | Reached XP level 1. HP: 13/13 MP: 3/3
   317 | D:1      | Reached XP level 2. HP: 19/19 MP: 3/5
   330 | D:1      | Reached skill level 5 in Ice Magic
   917 | D:1      | Reached skill level 1 in Polearms
   917 | D:1      | Reached XP level 3. HP: 18/24 MP: 1/6
  1606 | D:2      | Found a radiant altar of Vehumet.
  1609 | D:2      | Identified the cursed +0 helmet of Lies {rC+}
  1609 | D:2      | Noticed Robin
  1622 | D:2      | Killed Robin
  1687 | D:2      | Became a worshipper of Vehumet
  1739 | D:2      | Reached skill level 2 in Polearms
  1754 | D:2      | Reached XP level 4. HP: 8/30 MP: 1/7
  1758 | D:2      | Learned a level 3 spell: Frozen Ramparts
  1985 | D:2      | Learned a level 3 spell: Ozocubu's Armour
  2817 | D:3      | Found a glowing drain.
  2838 | D:3      | Reached skill level 3 in Polearms
  2838 | D:3      | Reached XP level 5. HP: 20/35 MP: 1/8
  2888 | Sewer    | Entered a sewer
  2891 | Sewer    | Reached * piety under Vehumet
  2891 | Sewer    | Offered knowledge of Shock by Vehumet.
  3447 | Sewer    | Reached skill level 4 in Polearms
  3548 | D:3      | Reached skill level 1 in Fighting
  3550 | D:3      | Reached ** piety under Vehumet
  3550 | D:3      | Offered knowledge of Searing Ray by Vehumet.
  3561 | D:3      | Noticed a centaur
  3580 | D:3      | Killed a centaur
  3581 | D:3      | Reached skill level 5 in Polearms
  3581 | D:3      | Reached XP level 6. HP: 22/44 MP: 2/9
  4003 | D:3      | Found a sparkling altar of Nemelex Xobeh.
  4237 | D:3      | Reached skill level 6 in Polearms
  4648 | D:4      | Reached skill level 7 in Polearms
  4648 | D:4      | Reached XP level 7. HP: 50/50 MP: 3/10
  4795 | D:4      | Found a staircase to the Ecumenical Temple.
  5016 | D:4      | Reached skill level 8 in Polearms
  5957 | D:5      | Entered Level 5 of the Dungeon
  5973 | D:5      | Offered knowledge of Static Discharge by Vehumet.
  5974 | D:5      | Reached skill level 9 in Polearms
  6405 | D:5      | Found Joihal's Antique Armour Boutique.
  6429 | D:5      | Bought a glowing leather armour for 105 gold pieces
  6575 | D:5      | Reached *** piety under Vehumet
  6811 | D:5      | Found a runed translucent door.
  6812 | D:5      | Noticed Crazy Yiuf
  6819 | D:5      | Killed Crazy Yiuf
  6902 | D:6      | Reached skill level 10 in Polearms
  6902 | D:6      | Reached XP level 8. HP: 49/56 MP: 11/11
  7018 | D:6      | Noticed Eustachio
  7048 | D:6      | Killed Eustachio
  7049 | D:6      | Reached skill level 11 in Polearms
  7391 | D:6      | Found Mimih's Antique Armour Shoppe.
  7410 | D:6      | Bought a glowing helmet for 150 gold pieces
  7427 | D:6      | Found a glowing golden altar of the Shining One.
  7451 | D:6      | Offered knowledge of Dazzling Flash by Vehumet.
  7635 | D:6      | Noticed Grinder
  7652 | D:6      | Paralysed by Grinder for 5 turns
  7665 | D:6      | Paralysed by Grinder for 6 turns
  7674 | D:6      | Paralysed by Grinder for 4 turns
  7694 | D:6      | Slain by Grinder

Illustrated notes

Levels and vault maps discovered:
D:1:      psy_arrival_statuary, layout_basic
D:2:      minmay_general_purpose_star, layout_loops_ring, fiery_altar_vehumet,
          uniq_robin
D:3:      layout_rooms, gup_sewer_entry_glass, nemelex_dance_club_becter
D:4:      layout_loops_corners, lemuel_temple_firewalk_a
D:5:      layout_rooms, serial_shops, shop_statue, saegor_snake_ambush,
          uniq_crazy_yiuf_cottage
D:6:      layout_cave_pods, nicolae_tso_besieged_by_evil,
          chequers_temple_overflow_minitemple, serial_shops, shop_coins,
          uniq_edmund, uniq_grinder, uniq_eustachio

Skill      XL: |  1  2  3  4  5  6  7  8 |
---------------+-------------------------+-----
Ice Magic      | 5 6 |  6.3
Polearms       | 1 2 3 5 7 10 11 | 11.8
Fighting       | 1 2 |  2.0
Dodging        | 3 |  3.1
Stealth        | |  2.1
Spellcasting   | |  2.0

Action                   |  1- 3 |  4- 6 |  7- 9 || total
-------------------------+-------+-------+-------++-------
Melee: Unarmed           |     9 |       |       ||     9
       Whip              |    41 |     6 |       ||    47
       Spear             |       |   166 |   179 ||   345
       Tailslap          |       |     2 |     1 ||     3
       Quarterstaff      |       |       |    69 ||    69
 Cast: Freeze            |    43 |     4 |       ||    47
       Frozen Ramparts   |       |    17 |    11 ||    28
       Ozocubu's Armour  |       |     4 |     3 ||     7
  Use: Scroll            |     1 |     5 |     3 ||     9
       Potion            |       |       |     4 ||     4
 Stab: Sleeping          |     1 |    12 |     9 ||    22
       Petrified         |       |       |     3 ||     3
Armor: Robe              |     6 |    27 |    15 ||    48
       Leather armour    |       |       |    54 ||    54
Dodge: Dodged            |    50 |    90 |   143 ||   283
